 Dungeon Crawl Stone Soup version 0.31.0-12-g77e489cdc1 (webtiles) character file.

Game seed: 2113114788746542584

125 Curundu the Trooper (level 4, -8/42 HPs)
             Began as a Minotaur Berserker on Mar 6, 2024.
             Was a Believer of Trog.
             Killed from afar by Natasha (9 damage)
             ... with a magic dart
             ... on level 2 of the Dungeon.
             The game lasted 00:03:35 (1399 turns).

Curundu the Trooper (Minotaur Berserker)            Turns: 1399, Time: 00:03:38

Health: -8/42      AC:  2    Str: 23    XL:     4   Next: 82%
Magic:  3/3        EV: 12    Int:  4    God:    Trog [**....]
Gold:   88         SH:  0    Dex: 10    Spells: 3/3 levels left

rFire   . . .        a - +0 hand axe
rCold   . . .        (no shield)
rNeg    . . .        b - +0 animal skin
rPois   .            (helmet restricted)
rElec   .            (no cloak)
rCorr   .            (no gloves)
SInv    .            (no boots)
Will    .....        (no amulet)
Stlth   +            (no ring)
HPRegen 0.27/turn    (no ring)
MPRegen 0.08/turn

%: no passive effects
@: no status effects
A: horns 2, retaliatory headbutt
a: Renounce Religion, Berserk, Trog's Hand


You were on level 2 of the Dungeon.
You worshipped Trog.
Trog was pleased with you.
You visited 1 branch of the dungeon, and saw 2 of its levels.

You collected 88 gold pieces.

Inventory:

Hand Weapons
 a - a +0 hand axe (weapon)
Armour
 b - a +0 animal skin (worn)
Scrolls
 c - a scroll of identify {unknown}
 e - a scroll of immolation {unknown}
 h - a scroll of fog {unknown}
 i - 2 scrolls of teleportation {unknown}
 k - a scroll of vulnerability {unknown}
Potions
 d - a potion of curing {unknown}
 f - a potion of haste {unknown}
 g - 2 potions of attraction {unknown}
 j - a potion of magic {unknown}


   Skills:
 + Level 5.3 Fighting
 + Level 4.9 Axes
 + Level 2.7 Armour
 + Level 2.8 Dodging
 + Level 0.3 Stealth


You had 3 spell levels left.
You didn't know any spells.
Your spell library was empty.

Dungeon Overview and Level Annotations

Branches:
Dungeon (2/15)

Altars:

Annotations:
D:2 Natasha


Innate Abilities, Weirdness & Mutations

You have a pair of horns on your head.
You reflexively headbutt those who attack you in melee.


Message History

Trog accepts your kill.
You slash the adder!
The adder is severely wounded.
You feel sick. The adder barely misses you. Natasha casts a spell at you.
The magic dart hits you!
You closely miss the adder.
The ball python hisses angrily.
You headbutt the adder.
You kill the adder!
Trog accepts your kill.
You feel sick.
You feel sick. Natasha casts a spell at you. You resist with some effort.
You feel sick.
Natasha casts a spell.
The cerulean imp hits you from afar with a +1 spear.
You fail to use your ability.
You feel sick. The cerulean imp barely misses you.
You feel sick.
You are no longer poisoned.
Natasha stares at you and mumbles some strange words.
The magic dart hits you!
* * * LOW HITPOINT WARNING * * *
You barely miss the cerulean imp. Your headbutt misses the cerulean imp.
You hit the ball python.
You kill the ball python!
Trog accepts your kill.
The cerulean imp hits you from afar with a +2 spear.
* * * LOW HITPOINT WARNING * * *
The cerulean imp hits you with a +1 spear.
* * * LOW HITPOINT WARNING * * *
You hit Natasha.
Natasha is lightly wounded.
You closely miss the cerulean imp. Natasha casts a spell at you.
The magic dart hits you!
You die...
Natasha curls up and begins to purr.

.#. .. ... #.
##.## #.###...
.. #.....###
..##..5....
#.#...h5#
#.#.†)@###
.###......)#
............#
............###.
#.####....#.....
#.# #........##
... #.#.#
###.##.#.# ...
#.#.# #.# .#.#
#.# #.#.# #.# #
#


You could see Natasha and 2 cerulean imps.

Vanquished Creatures
  Natasha (twice) (D:2)
  A gnoll (D:2)
  2 adders (D:2)
  3 dart slugs (D:1)
  A ribbon worm (D:2)
  5 endoplasms
  2 giant cockroaches (D:1)
  5 goblins
  4 jackals (D:1)
  A quokka (D:2)
  2 ball pythons
  4 bats
  A frilled lizard (D:2)
  4 kobolds (D:1)
  4 rats
41 creatures vanquished.

Notes
Turn   | Place    | Note
-------+----------+-------------------------------------------
     0 | D:1      | Curundu the Minotaur Berserker began the quest for the Orb.
     0 | D:1      | Reached XP level 1. HP: 19/19 MP: 0/0
   147 | D:1      | Reached skill level 4 in Fighting
   147 | D:1      | Reached XP level 2. HP: 8/27 MP: 1/1
   585 | D:1      | Found a faded altar of an unknown god.
   728 | D:1      | Reached XP level 3. HP: 28/34 MP: 2/2
   768 | D:1      | Reached ** piety under Trog
   994 | D:2      | Noticed Natasha
  1001 | D:2      | Killed Natasha
  1007 | D:2      | Noticed Natasha
  1023 | D:2      | Killed Natasha
  1024 | D:2      | Reached XP level 4. HP: 16/41 MP: 3/3
  1067 | D:2      | Reached skill level 5 in Fighting
  1389 | D:2      | Noticed Natasha
  1398 | D:2      | HP: 1/42 [cerulean imp/+1 spear[Natasha] (4)]
  1399 | D:2      | Killed from afar by Natasha

Illustrated notes

Levels and vault maps discovered:
D:1:      minmay_arrival_stair_chambers, layout_loops_cross,
          hellmonk_ecumenical_altar_inner_sanctum
D:2:      layout_loops_ring, minmay_pentomino_u2, uniq_natasha

Skill      XL: |  1  2  3  4 |
---------------+-------------+-----
Fighting       | 4 5 |  5.3
Axes           | 4 |  4.9
Armour         | |  2.7
Dodging        | |  2.8
Stealth        | |  0.3

Action                     |  1- 3 |  4- 6 || total
---------------------------+-------+-------++-------
  Melee: Hand axe          |    69 |    16 ||    85
         Headbutt          |    16 |     2 ||    18
 Invoke: Berserk           |     1 |       ||     1
         Trog's Hand       |     1 |       ||     1
 Armour: Animal skin       |    35 |    14 ||    49
  Dodge: Dodged            |    38 |    17 ||    55
